 Dungeon Crawl Stone Soup version 0.30-a0-576-g89cddaab80 (webtiles) character file.

Game seed: 556073628760318041

2035 Shayle the Ducker (level 9, 0/48 HPs)
             Began as a Tengu Reaver on Dec 30, 2022.
             Was a Follower of Kikubaaqudgha.
             Succumbed to a killer bee's poison
             ... on level 8 of the Dungeon.
             The game lasted 00:13:14 (6131 turns).

Shayle the Ducker (Tengu Reaver)                    Turns: 6131, Time: 00:13:15

Health: 0/48       AC:  3    Str: 12    XL:     9   Next: 24%
Magic:  13/13      EV: 17    Int: 18    God:    Kikubaaqudgha [*.....]
Gold:   326        SH:  5    Dex: 17    Spells: 11/12 levels left

rFire   x . .      SeeInvis .    r - +8 mace of the Several Blessings {speed, rF- rN++ Dex+4}
rCold   . . .      Faith    .    C - +0 buckler
rNeg    + + .      Spirit   .    b - +0 leather armour
rPois   .          Reflect  .    (helmet restricted)
rElec   .          Harm     .    (no cloak)
rCorr   .          Rampage  .    (no gloves)
Will    .....                    (boots unavailable)
Stlth   +++                      (no amulet)
HPRegen 0.28/turn                (no ring)
MPRegen 0.13/turn                (no ring)

@: lethally poisoned (0 -> -1), attractive, flying quickly and evasively, quick
A: beak, talons 3, nimble flight, frail 1, wild magic 1
a: Renounce Religion, Unearth Wretches


You were on level 8 of the Dungeon.
You worshipped Kikubaaqudgha.
Kikubaaqudgha was aware of your devotion.
You visited 2 branches of the dungeon, and saw 9 of its levels.

You collected 326 gold pieces.

Inventory:

Hand Weapons
 e - a +2 short sword of venom
 k - a +2 short sword of protection
 r - the +8 mace of the Several Blessings (weapon) {speed, rF- rN++ Dex+4}
   (You found it on level 4 of the Dungeon)

   Attacks with this weapon are significantly faster.
   Dex:       It affects your dexterity (+4).
   rF:        It makes you vulnerable to fire.
   rN:        It greatly protects you from negative energy.
Missiles
 s - a throwing net
 x - a curare-tipped dart (quivered)
Armour
 b - a +0 leather armour (worn)
 C - a +0 buckler (worn)
Jewellery
 g - a ring of see invisible
 A - an amulet of guardian spirit
 B - a ring of willpower
Wands
 y - a wand of roots (13)
 D - a wand of charming (7)
Scrolls
 c - a scroll of amnesia {unknown}
 d - a scroll of immolation {unknown}
 i - 2 scrolls of enchant weapon {unknown}
 l - 4 scrolls of teleportation
 m - a scroll of summoning {unknown}
 n - 2 scrolls of vulnerability
 t - a scroll of magic mapping {unknown}
 v - a scroll of fear {unknown}
 w - a scroll of noise {unknown}
 E - a scroll of brand weapon {unknown}
 G - a scroll of acquirement {unknown}
 H - a scroll of torment {unknown}
 I - a scroll of enchant armour {unknown}
Potions
 a - a potion of degeneration {unknown}
 f - 2 potions of cancellation
 h - 3 potions of ambrosia
 j - a potion of haste
 p - 2 potions of resistance
 z - a potion of heal wounds {unknown}
 F - a potion of lignification {unknown}


   Skills:
 + Level 5.4 Fighting
 - Level 3.2 Short Blades
 + Level 6.0 Dodging
 + Level 5.5 Stealth
 + Level 2.1 Shields
 - Level 2.0 Spellcasting
 - Level 4.0 Conjurations
 + Level 5.4 Necromancy
 + Level 3.7 Earth Magic


You had 11 spell levels left.
You knew the following spells:

 Your Spells              Type           Power      Damage    Failure   Level
a - Kiss of Death         Conj/Necr      96%        2d12      7%          1

Your spell library contained the following spells:

 Spells                   Type           Power      Damage    Failure   Level
 Necrotise                Necr           100%       1d9       5%          1
 Sublimation of Blood     Necr           28%        N/A       8%          2
 Momentum Strike          Conj/Tloc      22%        3d8       28%         2
 Cigotuvi's Dreadful Rot  Necr/Pois/Air  20%        N/A       30%         2
 Animate Dead             Necr           28%        N/A       41%         4
 Hailstorm                Conj/Ice       11%        3d5       47%         3
 Gell's Gravitas          Tloc           2%         N/A       75%         3
 Teleport Other           Tloc           2%         N/A       75%         3
 Borgnjor's Vile Clutch   Necr/Erth      11%        N/A       85%         5
 Death Channel            Necr           14%        N/A       99%         6
 Dispersal                Tloc           1%         N/A       100%        6


Dungeon Overview and Level Annotations

Branches:
Dungeon (8/15)             Temple (1/1) D:4
   Lair: D:8-11

Altars:
Ashenzari
Cheibriados
Dithmenos
Elyvilon
Gozag
Hepliaklqana
Kikubaaqudgha
Makhleb
Nemelex Xobeh
Okawaru
Qazlal
Ru
Sif Muna
Trog
Uskayaw
Wu Jian
Xom
Yredelemnul
Zin
The Shining One


Innate Abilities, Weirdness & Mutations

You have a beak for a mouth.
You have claws for feet.
Your magical nature lets you fly swiftly and evasively.
You are frail. (-10% HP)
Your spells are a little harder to cast, but a little more powerful.


Message History

You barely miss the killer bee.
The killer bee is almost dead.
You feel sick. You block the killer bee's attack. The killer bee stings you.
You are more poisoned.
The killer bee poisons you!
The killer bee buzzes angrily.
You hit the killer bee.
You kill the killer bee!
Kikubaaqudgha accepts your kill.
You feel sick. You block the killer bee's attack.
Your Dodging skill increases to level 6!
It was a potion of flight.
You feel more buoyant.
You feel sick. The killer bee misses you. x2
You hit the killer bee but do no damage.
Your kick misses the killer bee. Your peck misses the killer bee.
You feel sick. You block the killer bee's attack.
The killer bee completely misses you.
You closely miss the killer bee. Your kick misses the killer bee.
Your peck misses the killer bee.
You feel sick. The killer bee stings you.
* * * LOW HITPOINT WARNING * * *
You closely miss the killer bee. You claw the killer bee.
The killer bee is lightly wounded.
You feel sick. The killer bee completely misses you.
The killer bee closely misses you.
You hit the killer bee.
The killer bee is moderately wounded.
You feel sick. The killer bee stings you.
* * * LOW HITPOINT WARNING * * *
The killer bee completely misses you.
It was a potion of attraction.
You feel attractive to monsters.
You feel sick. The killer bee stings you.
* * * LOW HITPOINT WARNING * * *
The killer bee stings you.
* * * LOW HITPOINT WARNING * * *
It was a potion of mutation.
You feel extremely strange.
You feel frail.
You feel less in control of your magic.
You die...
Kikubaaqudgha rasps: "You have failed me!
Welcome... death!"

.........# ###...#......#.#
#.....#..###...###......#.#
.......#.....#####......#.#
.#...#....##....##........#
.#.#..#...##....##......###
.#.#.###.###....####...##
.........###......)#.###
.......>....#+####.#.####
#'#####.###.#..<@†......#
~~~####.# #.#..y....###.#
~~~'.##.# #.#..###..# #
~~~#.##.# #.#.. ...#
#+##....# #.##. #...#
###### #.... .....
####.###y### #. #.# y#


You could see a killer bee.

Vanquished Creatures
  Grinder (D:4)
  A steam dragon (D:7)
  2 black bears
  2 ogres (D:5)
  2 centaurs
  2 kobold brigands
  A necrophage (D:5)
  2 bullfrogs
  3 scorpions (D:5)
  5 killer bees
  A jelly (D:5)
  An orc priest (D:6)
  A hound (D:7)
  A gnoll bouda (D:6)
  2 iguanas
  4 orc wizards
  7 gnolls
  4 adders
  2 shadow imps
  A white imp (D:6)
  An ufetubus (D:6)
  A worm (D:3)
  2 dart slugs
  17 orcs
  2 ball pythons
  9 endoplasms
  2 giant cockroaches (D:2)
  7 goblins
  8 hobgoblins
  10 jackals
  3 quokkas
  5 bats
  2 frilled lizards (D:1)
  18 kobolds
  2 rats
134 creatures vanquished.

Notes
Turn   | Place    | Note
-------+----------+-------------------------------------------
     0 | D:1      | Shayle the Tengu Reaver began the quest for the Orb.
     0 | D:1      | Reached XP level 1. HP: 12/12 MP: 4/4
   126 | D:1      | Reached XP level 2. HP: 17/17 MP: 6/6
   255 | D:1      | Reached skill level 1 in Stealth
   255 | D:1      | Reached skill level 1 in Necromancy
   270 | D:1      | Reached XP level 3. HP: 21/21 MP: 7/7
   927 | D:2      | Found a faded altar of an unknown god.
  1228 | D:3      | Reached skill level 1 in Earth Magic
  1231 | D:3      | Reached XP level 4. HP: 21/27 MP: 8/8
  2067 | D:4      | You fall into a shaft and drop 1 floor!
  2067 | D:5      | Entered Level 5 of the Dungeon
  2092 | D:4      | Noticed Grinder
  2097 | D:4      | Reached skill level 3 in Dodging
  2116 | D:5      | Gained mutation: Your magical nature lets you fly swiftly
                  | and evasively. [Tengu growth]
  2116 | D:5      | Reached XP level 5. HP: 25/31 MP: 9/9
  2175 | D:4      | Found a staircase to the Ecumenical Temple.
  2192 | Temple   | Entered the Ecumenical Temple
  2296 | Temple   | Became a worshipper of Kikubaaqudgha
  2358 | D:4      | Identified the +8 mace of the Several Blessings {speed, rF-
                  | rN++ Dex+4}
  2449 | D:4      | Paralysed by Grinder for 4 turns
  2463 | D:4      | Killed Grinder
  2464 | D:4      | Reached XP level 6. HP: 19/37 MP: 10/10
  2585 | D:5      | Reached skill level 4 in Dodging
  2585 | D:5      | Reached XP level 7. HP: 42/42 MP: 11/11
  3155 | D:5      | Reached XP level 8. HP: 48/48 MP: 12/12
  3176 | D:5      | Reached * piety under Kikubaaqudgha
  3176 | D:5      | Received a gift from Kikubaaqudgha
  3719 | D:7      | Reached skill level 5 in Dodging
  4598 | D:7      | Found a shimmering altar of Xom.
  4630 | D:7      | Found a broken altar of Ashenzari.
  4630 | D:7      | Found a hide-covered altar of Uskayaw.
  4632 | D:7      | Found a sacrificial altar of Ru.
  4632 | D:7      | Found a broken altar of Ashenzari.
  4632 | D:7      | Found a shimmering altar of Xom.
  5443 | D:7      | Reached skill level 5 in Fighting
  5443 | D:7      | Reached skill level 1 in Shields
  5588 | D:7      | Reached skill level 5 in Stealth
  5588 | D:7      | Reached skill level 5 in Necromancy
  5766 | D:7      | Reached XP level 9. HP: 48/54 MP: 13/13
  6125 | D:8      | Reached skill level 6 in Dodging
  6130 | D:8      | HP: 1/54 [killer bee (4)]
  6131 | D:8      | Gained mutation: You are frail. (-10% HP) [potion of
                  | mutation]
  6131 | D:8      | Gained mutation: Your spells are a little harder to cast,
                  | but a little more powerful. [potion of mutation]
  6131 | D:8      | Succumbed to a killer bee's poison

Illustrated notes

Levels and vault maps discovered:
D:1:      wander_arrival_abandoned_jail, layout_basic
D:2:      layout_rooms, dilly_ecumenical_altar_fadedgnrine
D:3:      layout_basic, minmay_misc_feat_tiny, guppyfry_early_orc_mine
D:4:      layout_loops_ring, minmay_temple_entry_butterflies, uniq_grinder
D:5:      layout_basic
D:6:      layout_basic
D:7:      layout_basic, doesnt_xom_only_xom, minmay_misc_feat_cross,
          grunt_decor_fettered
D:8:      layout_basic, minmay_liquid_box, minmay_misc_feat_square,
          nrook_pool_corridor
Temple:   nicolae_temple_bog_church

Skill      XL: |  1  2  3  4  5  6  7  8  9 |
---------------+----------------------------+-----
Stealth        | 1 3 4 5 |  5.5
Necromancy     | 1 3 4 5 |  5.4
Earth Magic    | 1 2 3 |  3.7
Dodging        | 3 4 5 6 |  6.0
Fighting       | 3 4 5 |  5.4
Shields        | 1 2 |  2.1
Short Blades   | |  3.2
Spellcasting   | |  2.0
Conjurations   | |  4.0

Action                   |  1- 3 |  4- 6 |  7- 9 || total
-------------------------+-------+-------+-------++-------
Melee: Short sword       |    82 |    56 |   103 ||   241
       Kick              |    18 |    24 |    58 ||   100
       Peck              |     4 |    19 |    37 ||    60
       Punch             |     2 |       |     2 ||     4
       Mace              |       |    23 |    95 ||   118
Throw: Dart              |       |       |     2 ||     2
  Use: Potion            |       |     1 |     4 ||     5
       Scroll            |       |       |     6 ||     6
 Stab: Sleeping          |     8 |     1 |     3 ||    12
Armor: Leather armour    |    11 |     3 |    24 ||    38
Dodge: Dodged            |    28 |    38 |   168 ||   234
Block: Buckler           |       |       |    25 ||    25

Table legend: (Time is in decaauts)
 A = Elapsed time spent in this place.
 B = Non-inter-level travel time spent in this place.
 C = Inter-level travel time spent in this place.
 D = Time resting spent in this place.
 E = Time spent auto-exploring this place.
 F = Levels seen in this place.
 G = Mean time per level.
                   A        B        C        D        E       F      G
               +--------+--------+--------+--------+--------+-----+--------+
         Total |   5858 |   5600 |    258 |   1045 |   3220 |   9 |  650.9 |
       Dungeon |   5752 |   5505 |    247 |   1045 |   3143 |   8 |  719.0 |
        Temple |    106 |     95 |     11 |      0 |     76 |   1 |  106.0 |
               +--------+--------+--------+--------+--------+-----+--------+

Top non-repeatable levels by time:
     D:7: 1353 daAuts
     D:6: 925 daAuts
     D:3: 868 daAuts
     D:5: 801 daAuts
     D:2: 593 daAuts
     D:1: 549 daAuts
     D:8: 354 daAuts
     D:4: 305 daAuts
  Temple: 106 daAuts
